 Dungeon Crawl Stone Soup version 0.23-a0-650-ga4d50d4 (webtiles) character file.

70 Borgoz the Ducker (level 4, -2/38 HPs)
             Began as a Gnoll Gladiator on Jan 3, 2019.
             Slain by a sky beast (5 damage)
             ... on level 3 of the Dungeon.
             The game lasted 00:03:03 (2116 turns).

Borgoz the Ducker (Gnoll Gladiator)                 Turns: 2116, Time: 00:03:04

Health: -2/38      AC:  4    Str: 17    XL:     4   Next: 22%
Magic:  5/5        EV: 16    Int: 10    God:
Gold:   162        SH:  0    Dex: 17    Spells: 5/5 levels left

rFire    . . .     SeeInvis .   a - +0 war axe
rCold    . . .     Gourm    .   (no shield)
rNeg     . . .     Faith    .   q - +0 leather armour
rPois    .         Spirit   .   c - +0 helmet
rElec    .         Reflect  .   (no cloak)
rCorr    .         Harm     .   (no gloves)
MR       .....                  (no boots)
Stlth    ++........             (no amulet)
HPRegen  0.12/turn              (no ring)
MPRegen  0.09/turn              (no ring)

@: lethally poisoned (-2 -> -3), about to teleport
A: distributed training, fangs 1, strong nose
a: no special abilities


You were on level 3 of the Dungeon.
You were not hungry.

You visited 1 branch of the dungeon, and saw 3 of its levels.

You collected 162 gold pieces.

Inventory:

Hand Weapons
 a - a +0 war axe (weapon)
 b - a +0 blowgun
Missiles
 d - 3 throwing nets (quivered)
 l - 7 needles of paralysis
 r - 10 poisoned needles
Armour
 c - a +0 helmet (worn)
 q - a +0 leather armour (worn)
Jewellery
 i - an uncursed amulet of rage {unknown}
 n - an uncursed amulet of rage {unknown}
Scrolls
 e - a scroll of fog {unknown}
 h - 5 scrolls of teleportation
 j - 5 scrolls of identify {unknown}
Potions
 g - a potion of haste {unknown}
 k - a potion of curing {unknown}
 m - a potion of ambrosia {unknown}
 o - a potion of berserk rage {unknown}
Comestibles
 f - 6 rations


   Skills:
 + Level 4.6 Fighting
 + Level 1.0 Short Blades
 + Level 1.0 Long Blades
 + Level 6.6 Axes
 + Level 1.0 Maces & Flails
 + Level 1.0 Polearms
 + Level 1.0 Staves
 + Level 1.0 Slings
 + Level 1.0 Bows
 + Level 1.0 Crossbows
 + Level 4.6 Throwing
 + Level 1.0 Armour
 + Level 6.6 Dodging
 + Level 1.0 Stealth
 + Level 1.0 Shields
 + Level 1.0 Unarmed Combat
 + Level 1.0 Spellcasting
 + Level 0.8 Conjurations
 + Level 0.8 Hexes
 + Level 0.8 Charms
 + Level 0.8 Summonings
 + Level 0.8 Necromancy
 + Level 0.8 Translocations
 + Level 0.8 Transmutations
 + Level 0.8 Fire Magic
 + Level 0.8 Ice Magic
 + Level 0.8 Air Magic
 + Level 0.8 Earth Magic
 + Level 0.8 Poison Magic
 + Level 1.1 Invocations
 + Level 1.0 Evocations


You had 5 spell levels left.
You didn't know any spells.
Your spell library was empty.

Dungeon Overview and Level Annotations

Branches:
Dungeon (3/15)

Altars:


Innate Abilities, Weirdness & Mutations

Your experience applies equally to all skills.
You have very sharp teeth.
Your uncanny sense of smell can sniff out nearby items.


Message History

You feel sick.
You barely miss something. Your bite misses something.
A sky beast appears from thin air!
Reactivating autopickup.
The sky beast completely misses you.
You slash the sky beast!
The sky beast is heavily wounded.
You feel sick. The sky beast hits you. The sky beast shocks you.
The sky beast flickers out of sight!
Deactivating autopickup; reactivate with Ctrl-A.
Something hits you.
* * * LOW HITPOINT WARNING * * *
Something shocks you.
* * * LOW HITPOINT WARNING * * *
As you read the scroll labeled OHOVUSIELI, it crumbles to dust.
You feel strangely unstable.
It was a scroll of teleportation.
Something hits you.
* * * LOW HITPOINT WARNING * * *
Something shocks you.
You die...

#....#..# #.#
#############..##### #..
#........# #......# ###
#........# ##..#.## ###
#..)...((# #..#.# #.o
#........## ##...##### #.#
#..≈......# #.......# #.#
#.........#####...###.#
#.#
............{@........#.#
#.#
...........^.######..o...#
#.. .?....#######.#
##..#### ### ...... #.#
#..# #### .....! #.# #..##
#... #.# #...# #.## #..
####..# #.# ###
#.....#####)#
#....>o.....#


You could see an orc (wandering).

Vanquished Creatures
  An adder (D:2)
  An ooze (D:1)
  3 dart slugs
  A leopard gecko (D:1)
  6 orcs (D:3)
  5 goblins
  5 hobgoblins
  2 jackals (D:2)
  6 kobolds
  5 bats
  2 frilled lizards
  6 rats
43 creatures vanquished.

Notes
Turn   | Place    | Note
-------+----------+-------------------------------------------
     0 | D:1      | Borgoz the Gnoll Gladiator began the quest for the Orb.
     0 | D:1      | Reached XP level 1. HP: 20/20 MP: 1/1
    21 | D:1      | Reached XP level 2. HP: 26/26 MP: 2/2
   452 | D:1      | Reached XP level 3. HP: 28/31 MP: 3/3
   955 | D:2      | Reached skill level 1 in Invocations
  1621 | D:3      | Reached skill level 1 in Short Blades
  1621 | D:3      | Reached skill level 1 in Long Blades
  1621 | D:3      | Reached skill level 1 in Maces & Flails
  1621 | D:3      | Reached skill level 1 in Polearms
  1621 | D:3      | Reached skill level 1 in Staves
  1621 | D:3      | Reached skill level 1 in Slings
  1621 | D:3      | Reached skill level 1 in Bows
  1621 | D:3      | Reached skill level 1 in Crossbows
  1621 | D:3      | Reached skill level 1 in Armour
  1621 | D:3      | Reached skill level 1 in Stealth
  1621 | D:3      | Reached skill level 1 in Shields
  1621 | D:3      | Reached skill level 1 in Unarmed Combat
  1621 | D:3      | Reached skill level 1 in Spellcasting
  1621 | D:3      | Reached skill level 1 in Evocations
  1653 | D:3      | Reached XP level 4. HP: 32/38 MP: 5/5
  1752 | D:3      | Noticed a sky beast
  2116 | D:3      | Slain by a sky beast

Vault maps used:
D:1:      dpeg_arrival_shrine
D:3:      chequers_serial_rivers_large_a

Skill      XL: |  1  2  3 |
---------------+----------+-----
Invocations    | 1 |  1.1
Short Blades   | 1 |  1.0
Long Blades    | 1 |  1.0
Maces & Flails | 1 |  1.0
Polearms       | 1 |  1.0
Staves         | 1 |  1.0
Slings         | 1 |  1.0
Bows           | 1 |  1.0
Crossbows      | 1 |  1.0
Armour         | 1 |  1.0
Stealth        | 1 |  1.0
Shields        | 1 |  1.0
Unarmed Combat | 1 |  1.0
Spellcasting   | 1 |  1.0
Evocations     | 1 |  1.0
Fighting       | |  4.6
Axes           | |  6.6
Throwing       | |  4.6
Dodging        | |  6.6
Conjurations   | |  0.8
Hexes          | |  0.8
Charms         | |  0.8
Summonings     | |  0.8
Necromancy     | |  0.8
Translocations | |  0.8
Transmutations | |  0.8
Fire Magic     | |  0.8
Ice Magic      | |  0.8
Air Magic      | |  0.8
Earth Magic    | |  0.8
Poison Magic   | |  0.8

Action                   |  1- 3 |  4- 6 || total
-------------------------+-------+-------++-------
Melee: War axe           |    76 |    36 ||   112
       Bite              |     5 |     6 ||    11
  Use: Scroll            |       |     1 ||     1
 Stab: Sleeping          |     2 |     1 ||     3
  Eat: Chunk             |     2 |     2 ||     4
Armor: Leather armour    |    14 |    10 ||    24
Dodge: Dodged            |    64 |    20 ||    84

Table legend:
 A = Non-vault XP
 B = Vault XP
 C = Vault XP percentage of total XP
 D = Non-vault monster count
 E = Vault monster count
 F = Vault count percentage of total count
                 A         B        C        D         E       F
            +---------+---------+-------+---------+---------+-------
      Total |     101 |       0 |   0.0 |      43 |       0 |   0.0
            +---------+---------+-------+---------+---------+-------
        D:1 |      34 |       0 |   0.0 |      15 |       0 |   0.0
        D:2 |      35 |       0 |   0.0 |      14 |       0 |   0.0
        D:3 |      32 |       0 |   0.0 |      14 |       0 |   0.0
            +---------+---------+-------+---------+---------+-------
